 Dungeon Crawl Stone Soup version 0.21.1-1-g345015f (webtiles) character file.

426 iamserjio the Charmwright (level 6, 0/51 HPs)
             Began as a Gnoll Skald on June 23, 2018.
             Slain by a hippogriff (2 damage)
             ... on level 7 of the Dungeon.
             The game lasted 00:08:44 (860 turns).

iamserjio the Charmwright (Gnoll Skald)              Turns: 860, Time: 00:08:45

Health: 0/51       AC:  4    Str: 13    XL:     6   Next: 97%
Magic:  2/14       EV: 14    Int: 18    God:
Gold:   92         SH:  0    Dex: 14    Spells: 4/15 levels left

rFire    . . .     SeeInvis .   h - +0 war axe
rCold    . . .     Gourm    .   (no shield)
rNeg     . . .     Faith    .   b - +0 leather armour
rPois    .         Spirit   .   u - +0 helmet (curse)
rElec    .         Reflect  .   g - scarf {repulsion}
rCorr    .         Harm     .   (no gloves)
MR       .....                  (no boots)
Stlth    ++........             (no amulet)
HPRegen  0.17/turn              (no ring)
MPRegen  0.14/turn              (no ring)

@: very slightly contaminated, repel missiles
A: distributed training, fangs 1, strong nose
a: no special abilities


You were on level 7 of the Dungeon.
You were not hungry.

You visited 1 branch of the dungeon, and saw 7 of its levels.

You collected 92 gold pieces.

Inventory:

Hand Weapons
 a - a +0 hand axe
 h - a +0 war axe (weapon)
 s - a +0 mace of holy wrath
Missiles
 j - 2 stones (quivered)
Armour
 b - a +0 leather armour (worn)
 e - a +0 ring mail
 g - a scarf of repulsion (worn)
 u - a cursed +0 helmet (worn)
Wands
 n - a wand of iceblast (6)
Scrolls
 f - a scroll of identify {@r1}
 p - a scroll of fog
 r - a scroll of teleportation {unknown}
 v - a scroll of enchant weapon {unknown}
 x - 2 scrolls of remove curse {unknown}
Potions
 i - a potion of curing {unknown}
 k - a potion of lignification {unknown}
 l - a potion of might {unknown}
 m - a potion of flight {unknown}
 o - a potion of magic {unknown}
 w - a potion of heal wounds {unknown}
Books
 c - a book of Battle

   Spells                             Type                      Level
   a - Infusion                       Charms                       1
   b - Shroud of Golubria             Charms/Translocation         2
   c - Song of Slaying                Charms                       2
   d - Spectral Weapon                Hexes/Charms                 3
   e - Regeneration                   Charms/Necromancy            3
 q - a book of Callings

   Spells                             Type                      Level
   a - Summon Small Mammal            Summoning                    1
   b - Call Imp                       Summoning                    2
   c - Call Canine Familiar           Summoning                    3
   d - Summon Guardian Golem          Hexes/Summoning              3
   e - Summon Lightning Spire         Summoning/Air                4
   f - Summon Ice Beast               Ice/Summoning                4
Comestibles
 d - 5 rations
 t - a chunk of flesh


   Skills:
 + Level 5.0 Fighting
 + Level 2.1 Short Blades
 + Level 2.1 Long Blades
 + Level 5.0 Axes
 + Level 2.1 Maces & Flails
 + Level 2.1 Polearms
 + Level 2.1 Staves
 + Level 2.1 Slings
 + Level 2.1 Bows
 + Level 2.1 Crossbows
 + Level 2.1 Throwing
 + Level 3.3 Armour
 + Level 5.0 Dodging
 + Level 2.1 Stealth
 + Level 2.1 Shields
 + Level 2.1 Unarmed Combat
 + Level 5.4 Spellcasting
 + Level 1.7 Conjurations
 + Level 1.7 Hexes
 + Level 5.7 Charms
 + Level 1.7 Summonings
 + Level 1.7 Necromancy
 + Level 1.7 Translocations
 + Level 1.7 Transmutations
 + Level 1.7 Fire Magic
 + Level 1.7 Ice Magic
 + Level 1.7 Air Magic
 + Level 1.7 Earth Magic
 + Level 1.7 Poison Magic
 + Level 2.3 Invocations
 + Level 2.1 Evocations


You had 4 spell levels left.
You knew the following spells:

 Your Spells              Type           Power        Failure   Level  Hunger
a - Infusion              Chrm           ####         1%          1    None
b - Song of Slaying       Chrm           ####....     2%          2    #......
c - Shroud of Golubria    Chrm/Tloc      ###.......   5%          2    #......
d - Regeneration          Chrm/Necr      ###.......   11%         3    ##.....
e - Spectral Weapon       Hex/Chrm       ###.....     11%         3    ##.....


Dungeon Overview and Level Annotations

Branches:
Dungeon (7/15)
 Temple: D:4-7

Altars:


Innate Abilities, Weirdness & Mutations

Your experience applies equally to all skills.
You have very sharp teeth.
Your uncanny sense of smell can sniff out nearby items.


Message History

The hippogriff pecks you but does no damage.
The hippogriff claws you.
Casting: Shroud of Golubria
Confirm with . or Enter, or press ? or * to list all spells.
Space distorts slightly along a thin shroud covering your body.
Your shroud bends the hippogriff's attack away!
The hippogriff barely misses you.
The hippogriff claws you but does no damage.
You barely miss the hippogriff.
The hippogriff is lightly wounded.
Your spectral weapon barely misses the hippogriff.
The hippogriff barely misses you. The hippogriff pecks you!
* * * LOW HITPOINT WARNING * * *
Your shroud falls apart!
The hippogriff claws you.
* * * LOW HITPOINT WARNING * * *
The hippogriff bites you.
* * * LOW HITPOINT WARNING * * *
The hippogriff misses you. The hippogriff claws you.
You die...

##.## #.#
#........#
###..###.#
######+###
#........#
#.##..#..#
# #.
##.#..# .
# #....#
##...#
#...####
##@H(..# ∆
#.>##.#
##.# # #.#
#.# #.#
#.. ###


You could see a hippogriff and a friendly spectral war axe.

Vanquished Creatures
  An ogre (D:5)
  A crimson imp (D:3)
  A bullfrog skeleton (D:4)
  2 orc priests (D:3)
  2 orc wizards (D:3)
  3 worker ants (D:4)
  3 adders (D:3)
  An ooze (D:4)
  3 dart slugs
  15 orcs
  A ball python (D:3)
  4 giant cockroaches
  4 goblins
  3 hobgoblins
  2 jackals (D:3)
  4 kobolds
  A quokka (D:3)
  A bat (D:2)
  2 frilled lizards (D:3)
  2 rats (D:3)
56 creatures vanquished.

Vanquished Creatures (others)
  A spectral weapon (D:7)
1 creature vanquished.

Grand Total: 57 creatures vanquished

Notes
Turn   | Place    | Note
-------+----------+-------------------------------------------
     0 | D:1      | iamserjio the Gnoll Skald began the quest for the Orb.
     0 | D:1      | Reached XP level 1. HP: 20/20 MP: 6/6
    59 | D:1      | Reached XP level 2. HP: 21/26 MP: 7/7
    69 | D:1      | Learned a level 2 spell: Song of Slaying
    72 | D:1      | Learned a level 2 spell: Shroud of Golubria
   168 | D:3      | Reached skill level 5 in Spellcasting
   168 | D:3      | Reached skill level 1 in Invocations
   168 | D:3      | Reached XP level 3. HP: 12/31 MP: 4/9
   169 | D:3      | Reached skill level 1 in Short Blades
   169 | D:3      | Reached skill level 1 in Long Blades
   169 | D:3      | Reached skill level 1 in Maces & Flails
   169 | D:3      | Reached skill level 1 in Polearms
   169 | D:3      | Reached skill level 1 in Staves
   169 | D:3      | Reached skill level 1 in Slings
   169 | D:3      | Reached skill level 1 in Bows
   169 | D:3      | Reached skill level 1 in Crossbows
   169 | D:3      | Reached skill level 1 in Throwing
   169 | D:3      | Reached skill level 1 in Stealth
   169 | D:3      | Reached skill level 1 in Shields
   169 | D:3      | Reached skill level 1 in Unarmed Combat
   169 | D:3      | Reached skill level 1 in Evocations
   169 | D:3      | Reached XP level 4. HP: 12/38 MP: 4/11
   172 | D:3      | Reached skill level 1 in Conjurations
   172 | D:3      | Reached skill level 1 in Hexes
   172 | D:3      | Reached skill level 1 in Summonings
   172 | D:3      | Reached skill level 1 in Necromancy
   172 | D:3      | Reached skill level 1 in Translocations
   172 | D:3      | Reached skill level 1 in Transmutations
   172 | D:3      | Reached skill level 1 in Fire Magic
   172 | D:3      | Reached skill level 1 in Ice Magic
   172 | D:3      | Reached skill level 1 in Air Magic
   172 | D:3      | Reached skill level 1 in Earth Magic
   172 | D:3      | Reached skill level 1 in Poison Magic
   177 | D:3      | Learned a level 3 spell: Regeneration
   181 | D:3      | Learned a level 3 spell: Spectral Weapon
   311 | D:3      | Reached XP level 5. HP: 43/43 MP: 2/12
   447 | D:4      | Reached XP level 6. HP: 26/50 MP: 8/13
   482 | D:4      | Reached skill level 5 in Fighting
   482 | D:4      | Reached skill level 5 in Axes
   482 | D:4      | Reached skill level 5 in Dodging
   666 | D:5      | Entered Level 5 of the Dungeon
   850 | D:7      | Noticed a hippogriff
   860 | D:7      | HP: 2/51 [hippogriff (4)]
   860 | D:7      | Slain by a hippogriff

Skill      XL: |  1  2  3  4  5  6 |
---------------+-------------------+-----
Spellcasting   | 5 |  5.4
Invocations    | 1 2 |  2.3
Short Blades   | 1 2 |  2.1
Long Blades    | 1 2 |  2.1
Maces & Flails | 1 2 |  2.1
Polearms       | 1 2 |  2.1
Staves         | 1 2 |  2.1
Slings         | 1 2 |  2.1
Bows           | 1 2 |  2.1
Crossbows      | 1 2 |  2.1
Throwing       | 1 2 |  2.1
Stealth        | 1 2 |  2.1
Shields        | 1 2 |  2.1
Unarmed Combat | 1 2 |  2.1
Evocations     | 1 2 |  2.1
Conjurations   | 1 |  1.7
Hexes          | 1 |  1.7
Summonings     | 1 |  1.7
Necromancy     | 1 |  1.7
Translocations | 1 |  1.7
Transmutations | 1 |  1.7
Fire Magic     | 1 |  1.7
Ice Magic      | 1 |  1.7
Air Magic      | 1 |  1.7
Earth Magic    | 1 |  1.7
Poison Magic   | 1 |  1.7
Armour         | 3 |  3.3
Fighting       | 5 |  5.0
Axes           | 5 |  5.0
Dodging        | 5 |  5.0
Charms         | |  5.7

Action                   |  1- 3 |  4- 6 || total
-------------------------+-------+-------++-------
Melee: Hand axe          |    15 |       ||    15
       Bite              |     3 |     6 ||     9
       War axe           |    20 |   117 ||   137
       Punch             |       |     1 ||     1
 Cast: Song of Slaying   |     2 |     5 ||     7
       Shroud of Golubri |     1 |     2 ||     3
       Regeneration      |       |    11 ||    11
       Infusion          |       |     1 ||     1
       Spectral Weapon   |       |     5 ||     5
  Use: Scroll            |       |     2 ||     2
 Stab: Sleeping          |       |     1 ||     1
  Eat: Chunk             |       |     2 ||     2
Armor: Leather armour    |    10 |    19 ||    29
Dodge: Dodged            |    41 |   103 ||   144
       Deflected         |     1 |     5 ||     6
